 Dungeon Crawl Stone Soup version 0.23-a0-650-ga4d50d4 (console) character file.

29 Duffy the Firebug (level 3, 24/24 HPs)
             Began as a Demonspawn Fire Elementalist on Jan 6, 2019.
             Quit the game on level 3 of the Dungeon.
             The game lasted 00:01:18 (1945 turns).

Duffy the Firebug (Demonspawn Fire Elementalist)    Turns: 1945, Time: 00:01:19

Health: 24/24      AC:  2    Str:  8    XL:     3   Next: 1%
Magic:  3/6        EV: 15    Int: 17    God:
Gold:   169        SH:  0    Dex: 13    Spells: 5/6 levels left

rFire    . . .     SeeInvis .   (no weapon)
rCold    . . .     Gourm    +   (no shield)
rNeg     . . .     Faith    .   a - +0 robe
rPois    .         Spirit   .   (no helmet)
rElec    .         Reflect  .   (no cloak)
rCorr    .         Harm     .   (no gloves)
MR       .....                  (no boots)
Stlth    ++........             l - amulet of the gourmand
HPRegen  0.08/turn              p - +3 ring of evasion
MPRegen  0.10/turn              (no ring)

@: no status effects
A: claws 1, sturdy frame 1
a: no special abilities


You were on level 3 of the Dungeon.
You were hungry.

You visited 1 branch of the dungeon, and saw 3 of its levels.

You collected 169 gold pieces.

Inventory:

Armour
 a - a +0 robe (worn)
Jewellery
 l - an amulet of the gourmand (around neck)
 p - a +3 ring of evasion (left claw)
Scrolls
 b - a scroll of random uselessness {unknown}
 d - a scroll of fog {unknown}
 e - a scroll of blinking {unknown}
 f - a scroll of magic mapping {unknown}
 h - a scroll of teleportation {unknown}
 j - 2 scrolls of remove curse {unknown}
 k - a scroll of amnesia {unknown}
 n - a scroll of fear {unknown}
 o - 2 scrolls of identify {unknown}
Potions
 g - a potion of agility {unknown}
 i - 3 potions of heal wounds {unknown}
 m - a potion of invisibility {unknown}
 q - 2 potions of might {unknown}
Comestibles
 c - 7 rations


   Skills:
 - Level 1.7 Dodging
 - Level 1.7 Stealth
 + Level 2.4 Spellcasting
 + Level 1.9 Conjurations
 + Level 3.1 Fire Magic


You had 5 spell levels left.
You knew the following spells:

 Your Spells              Type           Power        Failure   Level  Hunger
h - Flame Tongue          Conj/Fire      ##...        7%          1    #......

Your spell library contained the following spells:

 Spells                   Type           Power        Failure   Level  Hunger
 Throw Flame              Conj/Fire      ##....       10%         2    ##.....
 Conjure Flame            Conj/Fire      ##......     21%         3    ###....
 Inner Flame              Hex/Fire       #.......     28%         3    ###....
 Sticky Flame             Conj/Fire      ##......     54%         4    #####..
 Fireball                 Conj/Fire      ##........   88%         5    ######.


Dungeon Overview and Level Annotations

Branches:
Dungeon (3/15)

Altars:
Yredelemnul
The Shining One


Innate Abilities, Weirdness & Mutations

You have sharp fingernails.
Your movements are slightly less encumbered by armour. (ER -2)


Message History

Confirm with . or Enter, or press ? or * to list all spells.
Aiming: Flame Tongue (safe; 7% risk of failure)
Press: ? - help, Shift-Dir - straight line, f - goblin
Aim: a goblin, wielding a +0 hunting sling The flame tongue hits the goblin.
The goblin is moderately wounded.
A killer bee comes into view.
Casting: Flame Tongue (safe; 7% risk of failure)
Confirm with . or Enter, or press ? or * to list all spells.
Aiming: Flame Tongue (safe; 7% risk of failure)
Press: ? - help, Shift-Dir - straight line, f/p - goblin
Aim: a goblin, wielding a +0 hunting sling (moderately wounded)
The flame tongue hits the goblin.
You kill the goblin!
You have reached level 3!
Your experience leads to an increase in your attributes!
Increase (S)trength, (I)ntelligence, or (D)exterity?
You feel clever.
Your demonic ancestry asserts itself...
You feel less encumbered by your armour.
Are you sure you want to abandon this character and quit the game? (Confirm

..# ## #.# #.. #.#
#.. #(# #######
#...#.# #.....#
#...#.####.###.#
#....$(........##
##.##.##...#.#..###
#@##.#.....>..#
#)##.#.#.#.##.#
#.##.#......#.#
#.##.#...####.#
.y.#.#.#.# #.#
#..#<#...# #.#
#..#.########.#
#..#..........#
############


You could see a killer bee.

Vanquished Creatures
  A dart slug (D:1)
  3 bats (D:1)
  A giant cockroach (D:2)
  3 goblins
  4 hobgoblins
  3 frilled lizards
  6 kobolds
  6 rats
27 creatures vanquished.

Notes
Turn   | Place    | Note
-------+----------+-------------------------------------------
     0 | D:1      | Duffy the Demonspawn Fire Elementalist began the quest for
                  | the Orb.
     0 | D:1      | Reached XP level 1. HP: 13/13 MP: 3/3
   541 | D:1      | Gained mutation: You have sharp fingernails. [demonic
                  | ancestry]
   541 | D:1      | Reached XP level 2. HP: 19/19 MP: 3/5
   802 | D:1      | Reached skill level 3 in Fire Magic
  1533 | D:2      | Found a basalt altar of Yredelemnul.
  1542 | D:2      | Found a glowing golden altar of the Shining One.
  1894 | D:2      | Noticed an angel
  1941 | D:3      | Noticed a killer bee
  1943 | D:3      | Noticed a killer bee
  1944 | D:3      | Gained mutation: Your movements are slightly less
                  | encumbered by armour. (ER -2) [demonic ancestry]
  1944 | D:3      | Reached XP level 3. HP: 24/24 MP: 3/6
  1945 | D:3      | Quit the game

Vault maps used:
D:1:      mainiacjoe_arrival_reflecting_pool
D:2:      grunt_temple_overflow_holy_war
D:3:      serial_glass, glass_columns_a, glass_columns_a

Skill      XL: |  1  2 |
---------------+-------+-----
Fire Magic     | 3 |  3.1
Dodging        | |  1.7
Stealth        | |  1.7
Spellcasting   | |  2.4
Conjurations   | |  1.9

Action                   || total
-------------------------++-------
Melee: Unarmed           ||    15
       Club              ||     1
 Cast: Flame Tongue      ||    41
  Eat: Chunk             ||     4
Armor: Robe              ||     6
Dodge: Dodged            ||    27

Table legend:
 A = Non-vault XP
 B = Vault XP
 C = Vault XP percentage of total XP
 D = Non-vault monster count
 E = Vault monster count
 F = Vault count percentage of total count
                 A         B        C        D         E       F
            +---------+---------+-------+---------+---------+-------
      Total |      42 |       0 |   0.0 |      27 |       0 |   0.0
            +---------+---------+-------+---------+---------+-------
        D:1 |      29 |       0 |   0.0 |      19 |       0 |   0.0
        D:2 |      11 |       0 |   0.0 |       7 |       0 |   0.0
        D:3 |       2 |       0 |   0.0 |       1 |       0 |   0.0
            +---------+---------+-------+---------+---------+-------
